AoeStats
← Jan Itor

Nomad

509101100Analyzed
4v4 RM · 7d ago on Sep 25, 2026· 21m 13s· 8 players
Game mode
Random Map
Map size
231×231
Population
200
Speed
Normal
Resources
Standard
Victory
Conquest
Starting age
Dark Age
Ending age
Imperial Age
RankedLock teamsTeams togetherTeam positionsShared explorationLock speedFull tech treeHidden civsTurbo modeCheats
Victory
Defeat
🇩🇪 Muisca · Germany
1795
+4
1715
+6
🇭🇰 Wu · Hong Kong SAR China
1705
+6
🇨🇳 Italians · China
1646
+7
🇨🇭 Dravidians · Switzerland
1511
-8
🇨🇦 Koreans · Canada
1486
-7
🇺🇸 Ethiopians · United States
1394
-4
🇨🇳 Mongols · China
1384
-4
SAVIOR
5:05 Loom
11:59 Feudal Age
20:29 Castle Age
18:33 Double-Bit Axe
18:28 Horse Collar
20:43 Fletching
21:19 Fishing Lines
OmegaJ256
13:55 Feudal Age
14:52 Double-Bit Axe
15:07 Gold Mining
17:30 Castle Age
16:01 Forging
18:21 Medium Warships
18:25 Scale Barding Armor
17:48 Light Cavalry
18:17 Fishing Lines
19:10 Scale Barding Armor
trói em vào cột điện
12:05 Feudal Age
13:11 Double-Bit Axe
18:38 Castle Age
17:36 Gold Mining
17:39 Fletching
17:33 Fishing Lines
19:25 Loom
20:43 Bow Saw
20:32 Horse Collar
21:45 Wheelbarrow
Jan Itor
13:26 Feudal Age
13:18 Loom
14:32 Double-Bit Axe
16:56 Castle Age
15:19 Fishing Lines
16:22 Town Watch
16:53 Forging
17:47 Medium Warships
18:02 Bow Saw
19:37 Iron Casting
20:59 Horse Collar
Dr.Dreamz
3:08 Loom
15:08 Feudal Age
15:57 Double-Bit Axe
18:58 Castle Age
17:19 Town Watch
17:31 Double-Bit Axe
20:11 Bow Saw
20:25 Fletching
AlzzStriker
3:52 Loom
12:33 Feudal Age
17:42 Castle Age
21:40 Fletching
西湖天地
4:52 Loom
12:45 Feudal Age
16:28 Castle Age
15:21 Double-Bit Axe
20:14 Horse Collar
22:23 Wheelbarrow
koebi
14:41 Feudal Age
15:14 Double-Bit Axe
17:18 Fletching
17:41 Forging
17:20 Fishing Lines
22:10 Castle Age
Connection lost

Rejoining the realm…

Still unreachable

The connection could not be restored.

Session expired

The server has moved on; the page needs a fresh start.